[Event "7th Salamanca Festival 2024"]
[Site "Salamanca"]
[Date "2024.05.25"]
[Round "6.4"]
[White "Ponomariov, Ruslan"]
[Black "Paehtz, Elisabeth"]
[Result "1-0"]
[ECO "D37"]
[WhiteElo "2646"]
[BlackElo "2457"]
[Annotator "TA"]
[PlyCount "69"]
[EventDate "2024.05.18"]
[EventType "tourn"]
[EventCountry "ESP"]
[SourceTitle "playchess.com"]
[Source "ChessBase"]
[SourceQuality "1"]
[TimeControl "2400+5"]

1. d4 d5 2. c4 e6 3. Nc3 h6 4. Nf3 Nf6 5. a3 a6 6. c5 Nc6 7. b4 g5 8. Bb2 {[%emt 0:01:58] White has an edge.} Bg7 9. e3 Bd7 10. Bd3 Qe7 11. Qc2 Rc8 12. Ne2 Kf8 13. Ng3 g4 14. Ne5 h5 15. h3 {[%emt 0:01:29] White is much more active.} h4 16. Ne2 gxh3 17. Nxd7+ ({But not} 17. Rxh3 $6 Nxe5 18. dxe5 Ng4 $11) 17... Nxd7 18. Rxh3 Qg5 19. Rh2 Nf6 20. Ng1 Ng4 {[%emt 0:00:49] White now steadily converts the win.} (20... Qg4 $1 $14) 21. Nf3 $16 Qf6 22. Rh3 Re8 23. O-O-O Rh6 24. Kb1 Ke7 (24... a5 $142) 25. e4 $18 dxe4 26. Bxe4 Rd8 27. g3 Kf8 28. gxh4 {[%emt 0:00:30] Strongly threatening Rg3.} Rh5 $2 (28... Qe7 29. Bxc6 bxc6) 29. Rg3 {[%emt 0:01:17] White is clearly winning.} Nh6 {[%emt 0:00:02] [#]} 30. Rxg7 Qxg7 {[%emt 0:00:08] [#]} 31. d5 $1 Qg4 (31... Ne5 32. Nxe5) 32. Rg1 Qxg1+ 33. Nxg1 exd5 34. Bf3 Rf5 35. Bc1 {[%emt 0:00:09] Weighted Error Value: White=0.08 (flawless) /Black=0.36.  Mistake:       	---       	Black=3      Inaccurate:     	White=1     	Black=5      OK:         	White=12    	Black=7      Best:        	White=1     	---} 1-0

[Event "7th Salamanca Festival 2024"]
[Site "Salamanca"]
[Date "2024.05.25"]
[Round "7.1"]
[White "Paehtz, Elisabeth"]
[Black "Calzetta Ruiz, Monica"]
[Result "1-0"]
[ECO "D02"]
[WhiteElo "2457"]
[BlackElo "2244"]
[Annotator "RC"]
[PlyCount "69"]
[EventDate "2024.05.18"]
[EventType "tourn"]
[EventCountry "ESP"]
[SourceTitle "playchess.com"]
[Source "ChessBase"]
[SourceQuality "1"]
[TimeControl "2400+5"]

1. d4 d5 2. Bf4 e6 3. e3 Bd6 4. Bg3 Nf6 5. Nd2 O-O 6. Ngf3 c5 7. c3 Qc7 8. Ne5 b6 9. f4 Ba6 10. Bxa6 Nxa6 11. O-O Nb8 12. Qf3 Nbd7 13. Bh4 b5 14. Rac1 a5 15. Kh1 Qb7 16. Nxd7 Nxd7 17. f5 exf5 18. Qxf5 Rae8 19. Rce1 cxd4 20. exd4 Rxe1 21. Rxe1 b4 22. c4 dxc4 23. Nxc4 Qc7 24. b3 a4 25. h3 axb3 26. axb3 g6 27. Qf3 Bf4 28. Rf1 g5 29. Be1 Qb8 30. g3 Bc7 31. Qf5 Nb6 32. Qxg5+ Kh8 33. Qf6+ Kg8 34. Rf5 h6 35. Qxh6 1-0

[Event "7th Salamanca Festival 2024"]
[Site "Salamanca"]
[Date "2024.05.25"]
[Round "7.2"]
[White "Muzychuk, Mariya"]
[Black "Ponomariov, Ruslan"]
[Result "0-1"]
[ECO "C47"]
[WhiteElo "2510"]
[BlackElo "2646"]
[Annotator "TA"]
[PlyCount "90"]
[EventDate "2024.05.18"]
[EventType "tourn"]
[EventCountry "ESP"]
[SourceTitle "playchess.com"]
[Source "ChessBase"]
[SourceQuality "1"]
[TimeControl "2400+5"]

1. e4 e5 2. Nf3 Nc6 3. Nc3 Nf6 4. d4 Bb4 5. Nxe5 Qe7 6. Qd3 Nxd4 {[%emt 0:04:55] C47: Scotch Four Knights and Four Knights with 4 g3.} 7. Qxd4 Bc5 8. Qd3 Qxe5 9. Be3 Bxe3 10. Qxe3 d6 11. O-O-O O-O 12. f3 Be6 13. Kb1 $146 ({Predecessor:} 13. g4 c6 14. f4 Qa5 15. g5 Ne8 16. Kb1 g6 17. h4 b5 18. b3 b4 19. Na4 {1-0 Frostick,C (2108)-Clarke,C (1691) 4NCL Online op 1st 2020 (3.18)}) 13... Qa5 14. g4 b5 15. b3 b4 16. Ne2 Nd7 17. Nd4 Qb6 (17... Qc5 $14) 18. Be2 (18. h4 $1 $16) 18... Nc5 (18... a5 $11) 19. Rhg1 Kh8 20. h4 a5 21. h5 a4 22. h6 g6 23. Qd2 Ra5 24. g5 (24. Rg2 $1 $14) 24... f6 (24... axb3 $11 25. cxb3 Rfa8) 25. gxf6 $2 (25. Nxe6 $1 $16 {stays on course.} Nxe6 26. gxf6 axb3 27. cxb3 (27. axb3 Rfa8) 27... Rxf6 28. Bc4) 25... Bf7 (25... axb3 $1 $17 26. cxb3 (26. axb3 Rfa8) 26... Bf7 (26... Rxf6 $2 27. Qb2 $18)) 26. Bc4 $1 $11 axb3 $1 27. Bxb3 Nxb3 28. Nxb3 (28. axb3 $2 Rfa8 29. c3 Ra1+ 30. Kc2 R1a2+ 31. Kd3 Rxd2+ $19) (28. cxb3 $11 Rfa8 29. Rg2) 28... Ra7 (28... Ra6 $17 {aiming for ...Rfa8.} 29. Rge1 Qb5) 29. Qd4 $15 Qa6 30. Qb2 ({White should play} 30. Kc1 $15) 30... Rfa8 $17 31. Rge1 $2 (31. Rg2 $17) 31... Qc6 $1 $19 32. Rd2 Qc3 $2 (32... Rxa2 $19 33. Qxa2 (33. Qd4 $2 Qc3 $19) 33... Rxa2 34. Kxa2 Qc3) 33. Red1 $2 {[%emt 0:00:06][%mdl 8192] [#]} (33. Qxc3 $11 {and White stays safe.} bxc3 34. Rd4) 33... Rxa2 $1 $19 (33... Qxf3 34. e5 Rxa2 35. Qxa2 Rxa2 (35... dxe5 36. Qxa8+ Qxa8 37. Rd8+ Bg8 38. Rxa8 e4 39. f7 g5 40. fxg8=Q#) 36. Kxa2 $17) 34. Qxa2 (34. Qxc3 $2 bxc3 35. Rd3 Bxb3 36. Rxc3 Ra1+ 37. Kb2 Rxd1 $19) 34... Rxa2 35. Kxa2 Qxf6 (35... Qxf3 36. e5 $17) 36. Rd3 Kg8 37. Kb1 Qf4 38. Na5 Qxh6 39. e5 dxe5 $2 ({Black should try} 39... d5 $19 {...c5 would now be deadly.} 40. Nc6 Qf8) 40. Rd8+ $2 (40. Rd7 $15) 40... Kg7 $19 41. R8d7 {[%emt 0:00:14] [#]} Qf4 $1 42. Nc6 $2 (42. Rxc7 Kh6 (42... Qxf3 43. Rdd7 $11) 43. Rh1+ Kg5 (43... Kg7 $2 44. Rd1 $19) 44. Rxh7) 42... Kh6 (42... Qxf3 $2 {is the wrong capture.} 43. Nxe5 $18 (43. Nxb4 $2 h5 $19) (43. Nxb4 $2 h5 $19)) 43. Nxe5 Be6 44. Ng4+ Kg5 $1 ({Weaker is} 44... Bxg4 45. fxg4 c6 (45... Qxg4 46. Rh1+ Kg5 47. Rhxh7 $17) 46. Rh1+ Kg5 47. Rhxh7 $17) 45. Rxh7 (45. R7d3 $142) 45... Qxf3 0-1

[Event "7th Salamanca Festival 2024"]
[Site "Salamanca"]
[Date "2024.05.25"]
[Round "7.3"]
[White "Iturrizaga Bonelli, Eduardo"]
[Black "Salimova, Nurgyul"]
[Result "1-0"]
[ECO "A20"]
[WhiteElo "2591"]
[BlackElo "2436"]
[Annotator "TA"]
[PlyCount "63"]
[EventDate "2024.05.18"]
[EventType "tourn"]
[EventCountry "ESP"]
[SourceTitle "playchess.com"]
[Source "ChessBase"]
[SourceQuality "1"]
[TimeControl "2400+5"]

1. c4 e5 2. g3 d5 3. cxd5 Qxd5 4. Nf3 Nc6 5. Nc3 Qd6 6. Bg2 Nf6 7. O-O Be7 8. b3 {[%emt 0:00:30] White is slightly better.} Nd4 9. Ne1 (9. Bb2 $5) 9... c6 10. e3 Nf5 11. Nf3 h6 (11... h5 $14) 12. Qc2 Qc5 13. Bb2 Be6 14. Rac1 Nd7 (14... O-O $142) 15. Rfd1 Qa5 {[%emt 0:02:04] [#]} 16. a3 $1 O-O 17. b4 Qd8 18. Ne2 a5 19. d4 ({Don't do} 19. Bxe5 Nxe5 20. Nxe5 axb4 $14) 19... axb4 20. axb4 ({Stronger than} 20. Nxe5 bxa3 21. Ba1 Bg5 22. Nxd7 Bxd7 $17 (22... Qxd7 23. Qc3 $15)) 20... Bxb4 (20... e4 $16) 21. dxe5 $18 Qb6 (21... Qe8 $142 22. Nf4 Nc5) 22. Nf4 {[%emt 0:00:10] Nxe6 is the strong threat.} Rfd8 23. Nxe6 fxe6 24. Bh3 {[%emt 0:00:03] This pair of bishops is nice.} Kh8 $2 (24... Nf8 25. Bxf5 exf5) 25. Bxf5 exf5 26. e6 Nf8 27. Qxf5 Rxd1+ 28. Rxd1 {[%emt 0:00:01] White threatens Qf7 and mate.} Qc5 29. Ne5 {[%emt 0:00:30][%cal Bf3e5,Be5f7,Bf7h6][%mdl 32] Nf7+ would kill now.} Re8 30. Nf7+ Kg8 {[%emt 0:00:02] [#]} 31. Nxh6+ $1 Kh8 32. Qf7 {[%emt 0:00:01][%csl LRb7,LRe8,LRg7] Weighted Error Value: White=0.13 (very precise) /Black=0.69.  Mistake:       	---       	Black=5      Inaccurate:     	White=1     	Black=4      OK:         	White=4     	Black=5      Best:        	White=5     	---} 1-0

[Event "7th Salamanca Festival 2024"]
[Site "Salamanca"]
[Date "2024.05.25"]
[Round "7.4"]
[White "Adams, Michael"]
[Black "Alekseenko, Kirill"]
[Result "1-0"]
[ECO "C71"]
[WhiteElo "2677"]
[BlackElo "2679"]
[Annotator "TA"]
[PlyCount "113"]
[EventDate "2024.05.18"]
[EventType "tourn"]
[EventCountry "ESP"]
[SourceTitle "playchess.com"]
[Source "ChessBase"]
[SourceQuality "1"]
[TimeControl "2400+5"]

1. e4 e5 2. Nf3 Nc6 3. Bb5 a6 4. Ba4 d6 5. c4 Nf6 6. Nc3 Bg4 7. h3 Bxf3 8. Qxf3 Nd7 9. Bxc6 bxc6 10. d3 Nc5 {[%emt 0:02:04] The position is equal.} 11. O-O Be7 12. Ne2 O-O 13. d4 exd4 14. Nxd4 Qe8 15. Be3 Bf6 16. Rad1 {[%emt 0:01:11] Against Nd3} Nxe4 17. Rfe1 Bxd4 18. Bxd4 f5 19. c5 Qf7 20. Qa3 d5 21. f3 {[%emt 0:00:13][%mdl 1024] White has compensation.} Ng5 22. Qe3 h6 23. h4 Rae8 24. Be5 Ne6 25. b4 Re7 (25... Qh5 $15 26. Qf2 Rf7) 26. Re2 Rb8 27. a3 Nf8 28. Qd3 Ng6 29. Bg3 f4 30. Rxe7 Nxe7 31. Bf2 Ra8 32. Re1 a5 33. b5 Nf5 $1 34. b6 cxb6 35. cxb6 Qf6 {[%emt 0:02:59][%cal Oa8b8] Inhibits Qc3.} 36. h5 ({White should try} 36. Rb1 $16 {b7 is the strong threat.} Ne3 37. Bxe3 fxe3 38. b7 (38. Qxe3 Qg6 $16)) 36... Rb8 37. Bc5 Ne3 {[%emt 0:00:33] [#]} 38. Bxe3 $2 (38. Rb1 $1 $18) 38... fxe3 $11 39. Qxe3 $18 {[%emt 0:00:02][%mdl 4096] Endgame. KQR-KQR} d4 40. Qb3+ Qf7 $1 41. Qb2 Qd5 42. Re7 {[%emt 0:00:20] And now b7 would win.} c5 43. b7 $36 {[%emt 0:00:06][%mdl 2048] White is pushing.} c4 $2 (43... Qc6 $11) 44. Qb6 {[%emt 0:00:05] Qg6 would kill now.} d3 {[%emt 0:00:08][%cal Od3d2] [#] Hoping for ...d2!} 45. Rxg7+ $3 Kxg7 46. Qc7+ Kf6 $2 (46... Qf7 $18 47. Qxb8 Kh7) 47. Qxb8 {[%emt 0:00:02] KQ-KQ. White mates.} Qd4+ 48. Kf1 Qa1+ 49. Kf2 Qa2+ 50. Kg3 {[%emt 0:00:05] Active counter play!} Qb1 51. Qd6+ Kf5 52. Qf4+ ({Weaker is} 52. b8=B Qe1+ 53. Kh3 Qh1+ 54. Kg3 Qe1+ 55. Kh3 Qh1+ 56. Kg3 Qe1+ $11) 52... Ke6 53. Qxc4+ Kd7 54. Qc8+ Ke7 55. b8=Q Qe1+ 56. Kh3 Qh1+ 57. Qh2 {[%emt 0:00:03] Weighted Error Value: White=0.16 (very precise) /Black=0.24 (precise) .  Loses game:     	---       	Black=1      Missed win:     	White=1     	---        Mistake:       	White=1     	Black=3      Inaccurate:     	White=3     	Black=2      OK:         	White=18    	Black=14     Best:        	White=2     	Black=1      Strong:       	---       	Black=2} 1-0